 Dungeon Crawl Stone Soup version 0.27-a0-54-g64bdb92e38 (webtiles) character file.

Game seed: 9331504203052514118

1343 Borgoz the Slasher (level 8, 0/69 HPs)
             Began as a Hill Orc Gladiator on Jan 7, 2021.
             Was a Follower of Ashenzari.
             Shot with a bolt by an orc (11 damage)
             ... in a bailey.
             The game lasted 00:12:01 (7756 turns).

Borgoz the Slasher (Hill Orc Gladiator)             Turns: 7756, Time: 00:12:02

Health: 0/69       AC:  9    Str: 18    XL:     8   Next: 62%
Magic:  8/8        EV: 12    Int:  8    God:    Ashenzari [*.....]
Gold:   562        SH:  0    Dex: 13    Spells: 7/7 levels left

rFire    . . .     SeeInvis .   t - +2 falchion (flame) (curse)
rCold    . . .     Faith    .   (no shield)
rNeg     . . .     Spirit   .   m - +0 scale mail (curse)
rPois    .         Reflect  .   g - +0 helmet
rElec    .         Harm     .   (no cloak)
rCorr    +         Rampage  .   u - +0 pair of gloves
Will     .....                  (no boots)
Stlth    ..........             (no amulet)
HPRegen  0.21/turn              F - ring of resist corrosion
MPRegen  0.11/turn              (no ring)

@: no status effects
A: no striking features
a: Renounce Religion, Curse Item, Scrying


You were in a bailey.
You worshipped Ashenzari.
Ashenzari was aware of your devotion.
You visited 2 branches of the dungeon, and saw 8 of its levels.
You also visited: Ossuary and Bailey.

You collected 562 gold pieces.

Inventory:

Hand Weapons
 a - a +0 long sword
 t - a cursed +2 falchion of flaming (weapon)
Missiles
 d - 3 throwing nets (quivered)
Armour
 g - a +0 helmet (worn)
 m - a cursed +0 scale mail (worn)
 u - a +0 pair of gloves (worn)
Jewellery
 o - an uncursed ring of fire
 F - a ring of resist corrosion (left hand)
Wands
 e - a wand of flame (2)
 q - a wand of digging (6)
Scrolls
 f - a scroll of fog
 l - 3 scrolls of teleportation
 v - 2 scrolls of noise {unknown}
 w - 2 scrolls of remove curse
 y - 3 scrolls of amnesia {unknown}
 A - a scroll of magic mapping {unknown}
 C - 2 scrolls of enchant armour {unknown}
 E - a scroll of immolation {unknown}
Potions
 b - a potion of haste {unknown}
 c - 2 potions of brilliance
 i - a potion of magic {unknown}
 j - 2 potions of resistance
 k - a potion of invisibility {unknown}
 n - 5 potions of lignification
 p - 4 potions of curing
 r - a potion of heal wounds
 x - a potion of flight
 z - a potion of mutation
 B - a potion of might {unknown}
 G - 2 potions of berserk rage


   Skills:
 + Level 5.5 Fighting
 * Level 7.2 Long Blades
 - Level 1.7 Throwing
 + Level 4.3 Armour
 * Level 5.4 Dodging


You had 7 spell levels left.
You didn't know any spells.
Your spell library was empty.

Dungeon Overview and Level Annotations

Branches:
Dungeon (7/15)             Temple (1/1) D:5         Ossuary (visited)
 Bailey (1/1)

Altars:
Ashenzari
Kikubaaqudgha
Makhleb
Okawaru
Qazlal
Ru
Xom
The Shining One

Annotations:
D:5 1 transporter, emiel's ghost, weakling TrDe


Message History

Aim: an orc, wielding a +0 arbalest, wearing a +0 scale mail and quivering 30 bolts (heavily wounded, 28% to evade)
The puff of flame hits the orc.
The orc is almost dead.
The orc shoots a bolt.
The bolt hits you but does no damage.
Evoke which item? (* to show all) (? for menu, Esc to quit)
Aiming: Throw Flame
Press: ? - help, Shift-Dir - straight line, f/p - orc
Aim: an orc, wielding a +0 arbalest, wearing a +0 scale mail and quivering 29 bolts (almost dead, 28% to evade)
The puff of flame hits the orc.
You kill the orc!
You start resting.
An orc comes into view. It is wielding a +0 arbalest.
Okay, then.
The orc shouts!
There is an empty arch of ancient stone here.
You hear a thunk.
A bolt appears from out of thin air!
The bolt hits you!
* * * LOW HITPOINT WARNING * * *
The orc shoots a bolt.
The bolt hits you!
You die...

{≈......#
##≈......#
#≈≈).....#
≈≈.o.....#
.........#
.........#
.........#
.......@.#
.......∩.#
........∩#
##########


You could see an orc.

Vanquished Creatures
  A sky beast (D:6)
  2 ogres
  A centaur (D:6)
  A scorpion (D:5)
  2 howler monkeys (D:5)
  A bullfrog zombie (D:5)
  2 orc priests
  A jelly (D:6)
  2 hounds
  2 orc wizards
  Jessica (D:2)
  A bullfrog skeleton (D:6)
  2 iguanas
  Ijyb (D:4)
  3 worker ants
  A big kobold zombie (Ossuary)
  8 mummies (Ossuary)
  A worker ant zombie (D:5)
  7 adders
  9 gnolls
  2 shadow imps
  A white imp (D:5)
  An ooze (D:4)
  5 worms
  3 dart slugs
  6 leopard geckos
  17 orcs
  2 ball pythons
  4 bats
  3 giant cockroaches
  3 gnoll zombies (Ossuary)
  5 goblins
  11 hobgoblins
  4 jackals (D:1)
  2 quokkas
  4 frilled lizards
  A hobgoblin zombie (Ossuary)
  3 kobolds
  2 kobold zombies (Ossuary)
  A leopard gecko skeleton (D:6)
  A leopard gecko zombie (D:5)
  An orc zombie (Ossuary)
  A quokka zombie (D:5)
  4 rats
136 creatures vanquished.

Vanquished Creatures (others)
  6 plants (D:5)
6 creatures vanquished.

Grand Total: 142 creatures vanquished

Notes
Turn   | Place    | Note
-------+----------+-------------------------------------------
     0 | D:1      | Borgoz the Hill Orc Gladiator began the quest for the Orb.
     0 | D:1      | Reached XP level 1. HP: 18/18 MP: 1/1
   111 | D:1      | Reached XP level 2. HP: 25/25 MP: 2/2
   197 | D:1      | You fall into a shaft and drop 1 floor!
   386 | D:2      | Found a shimmering altar of Xom.
   489 | D:2      | Reached XP level 3. HP: 30/30 MP: 3/3
   534 | D:2      | Noticed Jessica
   541 | D:2      | Killed Jessica
   542 | D:2      | Reached skill level 1 in Armour
   627 | D:2      | Found a burning altar of Makhleb.
   715 | D:1      | Reached skill level 4 in Long Blades
   725 | D:1      | Reached XP level 4. HP: 30/38 MP: 4/4
  1496 | D:3      | Reached XP level 5. HP: 13/45 MP: 5/5
  1817 | D:3      | Reached XP level 6. HP: 5/52 MP: 6/6
  2220 | D:3      | Found a faded altar of an unknown god.
  2595 | D:3      | Reached skill level 5 in Long Blades
  3113 | D:4      | Noticed Ijyb
  3129 | D:4      | Killed Ijyb
  3698 | D:4      | Found an iron altar of Okawaru.
  3974 | D:4      | Found a stormy altar of Qazlal.
  4264 | D:5      | Entered Level 5 of the Dungeon
  4281 | D:5      | Reached XP level 7. HP: 44/59 MP: 7/7
  4354 | D:5      | Found a staircase to the Ecumenical Temple.
  4364 | Temple   | Entered the Ecumenical Temple
  4383 | Temple   | Became a worshipper of Ashenzari the Shackled
  4430 | D:5      | Found a sand-covered staircase.
  4508 | D:5      | Reached skill level 6 in Long Blades
  4568 | Ossuary  | Entered an ossuary
  4760 | Ossuary  | Reached XP level 8. HP: 16/67 MP: 8/8
  5319 | D:5      | Identified the +9 scale mail of Impermeability {rN+ Dex+5}
  5319 | D:5      | Identified the cursed +0 kite shield "Litoar" {rCorr}
  5322 | D:5      | Reached skill level 5 in Fighting
  5347 | D:5      | Found a transporter.
  5395 | D:5      | Noticed emiel's ghost (weakling TrDe)
  5474 | D:5      | Found an ancient bone altar of Kikubaaqudgha.
  5670 | D:5      | Found a glowing golden altar of the Shining One.
  5759 | D:5      | Found a transporter.
  5888 | D:6      | Reached skill level 5 in Dodging
  6364 | D:6      | Found an iron altar of Okawaru.
  6886 | D:6      | Reached * piety under Ashenzari
  7029 | D:6      | Reached skill level 7 in Long Blades
  7690 | D:7      | Found a flagged portal.
  7712 | Bailey   | Entered a bailey
  7756 | Bailey   | Shot with a bolt by an orc

Illustrated notes

Levels and vault maps discovered:
D:1:      dpeg_arrival_tiny_d, layout_basic
D:2:      layout_rooms, overflow_temple_1_default,
          chequers_serial_rivers_room_a, st_stairs_7, xom_teletrap_fun,
          uniq_jessica
D:3:      layout_basic, chequers_ecumenical_altar_island
D:4:      layout_cave_pods, overflow_temple_1_default,
          okawaru_ov_weapons_minmay, uniq_ijyb
D:5:      layout_basic, kennysheep_little_box, nicolae_overflow_crystal_walls,
          temple_green, gammafunk_ghost_gnarly_gnolls,
          nicolae_ossuary_entry_ruins, chequers_mini_garden
D:6:      layout_layer_cave, kennysheep_mini
D:7:      layout_cave_pools, serial_shops, nicolae_shop_overgrown_old_shop,
          shop, basic_altar, enter_bailey_3, hellmonk_ghost_happy_afterlife,
          st_stairs_9
Temple:   oiseaux_autumnal_temple
Bailey:   bailey_polearm_2, bailey

Skill      XL: |  1  2  3  4  5  6  7  8 |
---------------+-------------------------+-----
Fighting       | 3 4 5 |  5.5
Armour         | 1 2 3 4 |  4.3
Long Blades    | 4 5 6 7 |  7.2
Dodging        | 3 4 5 |  5.4
Throwing       | |  1.7

Action                   |  1- 3 |  4- 6 |  7- 9 || total
-------------------------+-------+-------+-------++-------
Melee: Long sword        |    52 |   204 |       ||   256
       Falchion          |       |    12 |   220 ||   232
Throw: Throwing net      |       |     2 |     2 ||     4
Invok: Curse Item        |       |       |     2 ||     2
Evoke: Wand              |       |       |    13 ||    13
  Use: Potion            |       |     4 |     1 ||     5
       Scroll            |       |     6 |     7 ||    13
 Stab: Held in net/web   |       |     2 |       ||     2
Armor: Leather armour    |    10 |       |       ||    10
       Scale mail        |     9 |   113 |    60 ||   182
Dodge: Dodged            |    32 |   155 |   110 ||   297
       Rpst.: Long sword |    13 |    50 |       ||    63
       Falchion          |       |     3 |    27 ||    30

Table legend: (Time is in decaauts)
 A = Elapsed time spent in this place.
 B = Non-inter-level travel time spent in this place.
 C = Inter-level travel time spent in this place.
 D = Time resting spent in this place.
 E = Time spent auto-exploring this place.
 F = Levels seen in this place.
 G = Mean time per level.
                   A        B        C        D        E       F      G
               +--------+--------+--------+--------+--------+-----+--------+
         Total |   7820 |   7254 |    566 |   1753 |   4202 |  10 |  782.0 |
       Dungeon |   7025 |   6478 |    547 |   1259 |   4095 |   7 | 1003.6 |
        Temple |     38 |     19 |     19 |      0 |      0 |   1 |   38.0 |
       Ossuary |    712 |    712 |      0 |    469 |    107 |   1 |  712.0 |
        Bailey |     43 |     43 |      0 |     24 |      0 |   1 |   43.0 |
               +--------+--------+--------+--------+--------+-----+--------+

Top non-repeatable levels by time:
     D:3: 1477 daAuts
     D:4: 1396 daAuts
     D:6: 1384 daAuts
     D:5: 1123 daAuts
     D:2: 854 daAuts
     D:1: 766 daAuts
 Ossuary: 712 daAuts
  Bailey: 43 daAuts
  Temple: 38 daAuts
     D:7: 22 daAuts
